 Dungeon Crawl Stone Soup version 0.30.0-15-g856e2d3f33 (webtiles) character file.

Game seed: 14211733508256022707

527 SnakkuSnakku7 the Ruffian (level 7, -2/61 HPs)
             Began as a Ghoul Hexslinger on May 19, 2023.
             Slain by Duvessa
             ... wielding a +0 rapier
              (3 damage)
             ... on level 4 of the Dungeon.
             The game lasted 00:04:25 (2888 turns).

SnakkuSnakku7 the Ruffian (Ghoul Hexslinger)        Turns: 2888, Time: 00:04:25

Health: -2/61      AC:  7    Str: 16    XL:     7   Next: 23%
Magic:  7/7        EV:  9    Int:  8    God:
Gold:   177        SH:  0    Dex:  9    Spells: 7/8 levels left

rFire   + .          .
                       - Unarmed
rCold   + . .        (no shield)
rNeg    + + +        p - +1 scale mail {rF+}
rPois   ∞            (no helmet)
rElec   .            (no cloak)
rCorr   .            (no gloves)
SInv    .            (no boots)
Will    .....        (no amulet) Stlth
                     (no ring)
HPRegen 0.00/turn    (no ring)
MPRegen 0.10/turn

%: no passive effects
@: inhibited regen
A: claws 1, cold resistance 1, negative energy resistance 3, inhibited
regeneration, torment resistance 2, devour on kill
a: no special abilities


You were on level 4 of the Dungeon.
You visited 1 branch of the dungeon, and saw 4 of its levels.

You collected 177 gold pieces.

Inventory:

Hand Weapons
 a - a +1 sling
Missiles
 i - 3 poisoned darts (quivered)
Armour
 c - a +0 robe
 j - a +0 ring mail
 p - a +1 scale mail of fire resistance (worn)
Jewellery
 h - a ring of protection from fire
 m - an amulet of guardian spirit
Wands
 v - a wand of flame (20)
 w - a wand of iceblast (6)
Scrolls
 g - a scroll of vulnerability {unknown}
 k - a scroll of acquirement {unknown}
 l - a scroll of teleportation {unknown}
 n - a scroll of amnesia {unknown}
 o - 2 scrolls of enchant weapon {unknown}
 q - a scroll of brand weapon {unknown}
 u - a scroll of identify {unknown}
Potions
 d - 2 potions of degeneration {unknown}
 e - a potion of haste {unknown}
 f - a potion of berserk rage {unknown}
 r - a potion of brilliance {unknown}
 s - a potion of heal wounds {unknown}
 t - 3 potions of curing {unknown}
 x - a potion of attraction {unknown}


   Skills:
 - Level 5.0 Fighting
 - Level 1.7 Ranged Weapons
 - Level 1.7 Dodging
 + Level 6.2 Unarmed Combat
 - Level 1.0 Spellcasting
 - Level 2.4 Hexes


You had 7 spell levels left.
You knew the following spells:

 Your Spells              Type           Power      Damage    Failure   Level
a - Slow                  Hex            16%        N/A       50%         1

Your spell library contained the following spells:

 Spells                   Type           Power      Damage    Failure   Level
 Magic Dart               Conj           0%         1d3       83%         1
 Searing Ray              Conj           0%         2d4       92%         2
 Inner Flame              Hex/Fire       2%         N/A       95%         3
 Portal Projectile        Hex/Tloc       4%         N/A       95%         3
 Cause Fear               Hex            2%         N/A       99%         4
 Fulminant Prism          Conj/Hex       1%         3d5       100%        4


Dungeon Overview and Level Annotations

Branches:
Dungeon (4/15)
 Temple: D:4-7

Altars:

Annotations:
D:4 Dowan, Duvessa


Innate Abilities, Weirdness & Mutations

You are immune to poison.
You have sharp fingernails.
Your flesh is cold resistant. (rC+)
You are immune to negative energy. (rN+++)
You do not regenerate when monsters are visible.
You are immune to unholy pain and torment.
You thrive by killing the living.


Message History

Dowan gestures wildly while chanting.
Dowan blinks!
Duvessa attacks as you move away! Duvessa closely misses you.
The kobold attacks as you move away! The kobold hits you but does no damage.
There is an open door here.
Duvessa attacks as you move away! Duvessa closely misses you.
You scratch Duvessa.
Duvessa is lightly wounded.
Duvessa says, "When magic and the sword combine, nothing stands against them."
Duvessa hits you with a +0 rapier!
You scratch Duvessa. Your claw misses Duvessa.
Duvessa is lightly wounded.
Duvessa hits you with a +0 rapier.
You are too injured to fight recklessly!
You are too injured to fight recklessly!
You are too injured to fight recklessly!
You are too injured to fight recklessly!
You are too injured to fight recklessly!
You are too injured to fight recklessly!
You closely miss Duvessa.
Duvessa is lightly wounded.
The kobold throws a stone.
The stone hits you but does no damage.
You scratch Dowan but do no damage. Duvessa hits you with a +0 rapier.
Dowan says, "Stay away from my face!"
Dowan hits you but does no damage.
You closely miss Dowan. Your claw misses Dowan.
Dowan says, "Magic and the sword, together, will defeat you."
Dowan hits you with a +0 dagger. Duvessa hits you with a +0 rapier!
* * * LOW HITPOINT WARNING * * *
Unknown command.
Okay, then.
The air fills with toxic fumes!
As you read the scroll of poison, it crumbles to dust.
Dowan gestures at you while chanting. The puff of flame misses you.
Duvessa hits you with a +0 rapier.
* * * LOW HITPOINT WARNING * * *
Dowan attacks as you move away! Dowan hits you with a +0 dagger.
* * * LOW HITPOINT WARNING * * *
Duvessa hits you with a +0 rapier.
You die...

†##
####.#######...#.........
..#
#..........+...'.........
..#
+.........######§........
..#
###..##...#.§§§§§.....###
..###
#§.##...#.§§§§§.....#
....#
#§§######§§§§§#######
....# #§§§§§§§#§§§§§#
....# #..#§§§ee§.§§§#
'####.. #.###§@.#.....#
........ ### #####.....#
........ #.....# ........
#..e..# ........ #.....#
........ #.....# ####....
.........)..# ....
............'... ..
.?..........#....


You could see Duvessa and Dowan.

Vanquished Creatures
  An ogre (D:4)
  A scorpion (D:4)
  A howler monkey (D:4)
  A hound (D:4)
  Ijyb (D:4)
  3 orc wizards
  Natasha (twice) (D:4)
  4 gnolls (D:3)
  3 adders
  A worm (D:3)
  4 dart slugs (D:2)
  6 orcs
  4 ball pythons (D:1)
  9 endoplasms
  6 goblins
  12 hobgoblins
  8 jackals
  2 quokkas (D:4)
  8 bats
  2 frilled lizards (D:1)
  4 kobolds
  5 rats
88 creatures vanquished.

Notes
Turn   | Place    | Note
-------+----------+-------------------------------------------
     0 | D:1      | SnakkuSnakku7 the Ghoul Hexslinger began the quest for the
                  | Orb.
     0 | D:1      | Reached XP level 1. HP: 16/16 MP: 1/1
    90 | D:1      | Reached skill level 1 in Unarmed Combat
   190 | D:1      | Reached XP level 2. HP: 24/24 MP: 2/2
   317 | D:1      | Reached XP level 3. HP: 28/29 MP: 3/3
   430 | D:1      | Reached skill level 2 in Unarmed Combat
  1137 | D:2      | Reached XP level 4. HP: 37/37 MP: 4/4
  1782 | D:3      | Reached skill level 3 in Unarmed Combat
  1800 | D:3      | Reached XP level 5. HP: 39/45 MP: 5/5
  2455 | D:4      | Noticed Ijyb
  2474 | D:4      | Noticed Natasha
  2597 | D:4      | Reached skill level 4 in Unarmed Combat
  2597 | D:4      | Reached XP level 6. HP: 31/53 MP: 6/6
  2679 | D:4      | Killed Ijyb
  2702 | D:4      | Killed Natasha
  2708 | D:4      | Reached skill level 5 in Fighting
  2779 | D:4      | Reached skill level 5 in Unarmed Combat
  2779 | D:4      | Reached XP level 7. HP: 56/61 MP: 7/7
  2863 | D:4      | Noticed Natasha
  2866 | D:4      | Noticed Duvessa
  2869 | D:4      | Reached skill level 6 in Unarmed Combat
  2870 | D:4      | Noticed Dowan
  2871 | D:4      | Killed Natasha
  2888 | D:4      | HP: 1/61 [Dowan/+0 dagger (4)]
  2888 | D:4      | Slain by Duvessa

Illustrated notes

Levels and vault maps discovered:
D:1:      lemuel_arrival_broad_hall, layout_loops_ring, st_stairs_9
D:2:      layout_basic, basic_altar, serial_bayou_pond_b, hex_tiny
D:3:      layout_basic
D:4:      layout_gridville, mainiacjoe_overflow_cross_hatched,
          uniq_blork_the_orc, uniq_ijyb, uniq_natasha, uniq_duvessa

Skill      XL: |  1  2  3  4  5  6  7 |
---------------+----------------------+-----
Unarmed Combat | 1 2 3 4 5 6 |  6.2
Fighting       | 2 3 4 5 |  5.0
Ranged Weapons | |  1.7
Dodging        | |  1.7
Spellcasting   | |  1.0
Hexes          | |  2.4

Action                     |  1- 3 |  4- 6 |  7- 9 || total
---------------------------+-------+-------+-------++-------
  Melee: Unarmed           |    61 |   211 |    27 ||   299
         Punch             |     1 |     8 |     1 ||    10
   Fire: Sling             |    62 |       |       ||    62
  Evoke: Wand              |       |     5 |       ||     5
    Use: Scroll            |       |       |     1 ||     1
 Armour: Robe              |    17 |       |       ||    17
         Ring mail         |    20 |       |       ||    20
         Scale mail        |     2 |   110 |    14 ||   126
  Dodge: Dodged            |    55 |    96 |    18 ||   169
